 Dungeon Crawl Stone Soup version 0.30-a0-292-g0f741e3f8e (webtiles) character file.

Game seed: 4259899002723929866

33180 Lanoc the Bludgeoner (level 13, -3/122 HPs)
             Began as a Green Draconian Chaos Knight on Oct 17, 2022.
             Was a Plaything of Xom.
             Shot with an arrow by a centaur warrior (20 damage)
             ... on level 14 of the Dungeon.
             The game lasted 00:46:30 (13621 turns).

Lanoc the Bludgeoner (DrCK)                        Turns: 13621, Time: 00:46:30

Health: -3/122     AC:  9    Str: 24    XL:     13   Next: 35%
Magic:  13/13      EV: 15    Int: 15    God:    Xom [...*..]
Gold:   1662       SH:  0    Dex:  9    Spells: 12/12 levels left

rFire   + + .      SeeInvis .    e - +8 quarterstaff "Uregeywu" {vorpal, rC++}
rCold   + + +      Faith    .    (shield currently unavailable)
rNeg    . . .      Spirit   .    (body armour unavailable)
rPois   +          Reflect  .    C - +0 hat of the Northern Lights {rF++ Str-4}
rElec   .          Harm     .    (no cloak)
rCorr   .          Rampage  .    t - +0 pair of gloves "Owkulla" {rPois Regen+}
Will    +....                    (no boots)
Stlth   +.........               (no amulet)
HPRegen 0.00/turn                M - ring "Ynept" {Drain rC+ Will+ Str+6 Int+3}
MPRegen 0.13/turn                m - +4 ring of slaying

@: about to teleport, inhibited regen, studying Translocations
A: breathe noxious fumes, AC +8, unfitting armour, poison resistance,
cold-blooded, hooves 2, stinger 2, clumsy 1, cold resistance 1, inhibited
regeneration, strong 1
a: Breathe Noxious Fumes, Renounce Religion


You were on level 14 of the Dungeon.
You worshipped Xom.
You were a favourite toy of Xom.
You visited 2 branches of the dungeon, and saw 16 of its levels.
You also visited: Ossuary.

You collected 2107 gold pieces.
You spent 445 gold pieces at shops.

Inventory:

Hand Weapons
 a - a +1 mace of chaos
 e - the +8 quarterstaff "Uregeywu" (weapon) {vorpal, rC++}
   (You bought it in a shop on level 2 of the Orcish Mines)

   It inflicts extra damage upon your enemies.
   rC:        It greatly protects you from cold.
 f - a +5 flail
 s - a +4 dagger
 x - a +5 halberd of chaos
 X - a +6 antimagic broad axe
Missiles
 w - a throwing net
 K - a curare-tipped dart
Armour
 i - a +0 buckler
 t - the +0 pair of gloves "Owkulla" (worn) {rPois Regen+}
   (You found it on level 3 of the Dungeon)

   rPois:     It protects you from poison.
   Regen:     It increases your rate of health regeneration.
 C - the +0 hat of the Northern Lights (worn) {rF++ Str-4}
   (You acquired it on level 7 of the Dungeon)

   Str:       It affects your strength (-4).
   rF:        It greatly protects you from fire.
Jewellery
 m - a +4 ring of slaying (right hand)
 n - a ring of protection from cold
 p - a ring of resist corrosion
 u - a ring of positive energy
 H - a +4 ring of protection
 J - a ring of protection from cold
 M - the ring "Ynept" (left hand) {Drain rC+ Will+ Str+6 Int+3}
   (You acquired it on level 10 of the Dungeon)

   [ring of strength]

   Str:       It affects your strength (+6).
   Int:       It affects your intelligence (+3).
   rC:        It protects you from cold.
   Drain:     It drains your maximum health when unequipped.
   Will:      It increases your willpower.
 O - a ring of magical power
 T - a +6 ring of dexterity
 V - a ring of protection from fire
 Z - a ring of magical power
Wands
 d - a wand of mindburst (23)
 v - a wand of paralysis (14)
 E - a wand of flame (11)
 R - a wand of iceblast (6)
Scrolls
 g - 2 scrolls of teleportation
 h - 3 scrolls of magic mapping
 j - 3 scrolls of blinking
 r - a scroll of vulnerability
 y - 2 scrolls of enchant armour
 D - 5 scrolls of poison
 I - 2 scrolls of fog
 L - a scroll of immolation
 P - 2 scrolls of fear
 Q - a scroll of amnesia
 U - 2 scrolls of enchant weapon
 W - a scroll of torment
Potions
 c - a potion of mutation
 l - 3 potions of curing
 o - 3 potions of heal wounds
 q - 3 potions of flight
 z - 3 potions of magic
 A - 2 potions of ambrosia
 B - 2 potions of attraction
 F - a potion of berserk rage
 G - a potion of invisibility
 N - 4 potions of might
 Y - a potion of haste
Miscellaneous
 b - a piece from Xom's chessboard (3/15) (quivered)
 S - a phantom mirror


   Skills:
 + Level 13.3 Fighting
 - Level 15.7 Maces & Flails
 + Level 11.1 Dodging
 - Level 4.0 Shields


You had 12 spell levels left.
You didn't know any spells.
Your spell library contained the following spells:

 Spells                   Type           Power      Damage    Failure   Level
 Apportation              Tloc           0%         N/A       26%         1
 Blink                    Tloc           0%         N/A       38%         2
 Ignite Poison            Fire/Tmut/Pois 0%         N/A       63%         3
 Kindle Blastsparks       Fire/Tloc/Air  0%         2d10      63%         3
 Manifold Assault         Tloc           0%         N/A       95%         4
 Alistair's Intoxication  Tmut/Pois      0%         N/A       100%        5
 Freezing Cloud           Conj/Ice/Air   0%         6-21      100%        5
 Summon Forest            Summ/Tloc      0%         N/A       100%        5
 Summon Mana Viper        Hex/Summ       0%         N/A       100%        5
 Summon Cactus Giant      Summ           0%         N/A       100%        6
 Malign Gateway           Summ/Tloc      0%         N/A       100%        7
 Storm Form               Tmut/Air       0%         N/A       100%        7
 Summon Horrible Things   Summ           0%         N/A       100%        8
 Chain Lightning          Conj/Air       0%         N/A       100%        9
 Fire Storm               Conj/Fire      0%         5d1       100%        9
 Shatter                  Erth           0%         3d5*      100%        9


Dungeon Overview and Level Annotations

Branches:
Dungeon (14/15)            Temple (0/1) D:5            Lair (0/5) D:10
    Orc (2/2) D:12            Elf (0/3) Orc:2        Vaults (0/5) D:14
Ossuary (visited)

Altars:
Dithmenos
Kikubaaqudgha
Sif Muna
Trog
Uskayaw
Vehumet
Xom
The Shining One

Shops:
D:4 *   D:5 =*   D:7 [   D:13 [=   Orc:1 *   Orc:2 [?[(*

Annotations:
D:3 Sigmund
D:11 2 transporters, qtw55's ghost, journeyman GrEE
D:14 Rupert
Orc:1 3 runed translucent doors, Lanoc's ghost, novice HOGl


Innate Abilities, Weirdness & Mutations

You can breathe blasts of noxious fumes.
Your lurid green scales are hard. (AC +8)
You cannot fit into any form of body armour.
Your system is resistant to poisons. (rPois)
You are cold-blooded and may be slowed by cold attacks.
You have hoof-like feet.
Your tail ends in a sharp venomous barb.
You are clumsy. (Dex -2)
Your flesh is cold resistant. (rC+)
You do not regenerate when monsters are visible.
Your muscles are strong. (Str +4, Int/Dex -1)


Message History

Your quasit disappears in a puff of smoke!
You hit the vault guard.
You kill the vault guard!
The boulder beetle is engulfed in noxious fumes.
The boulder beetle appears confused.
The boulder beetle bites the two-headed ogre!!
Your piece from Xom's chessboard (3/15) has regained one charge.
The boulder beetle is engulfed in noxious fumes.
The boulder beetle appears confused.
The boulder beetle bites the red ugly thing.
You see here a +4 ring of protection.
The boulder beetle bites the red ugly thing!
A centaur warrior and a centaur come into view.
The centaur warrior shouts!
The centaur shouts!
The centaur warrior wields a +0 longbow.
The centaur warrior shoots an arrow.
The arrow misses you.
A centaur comes into view.
The centaur wields a +0 shortbow.
The centaur shoots an arrow.
The arrow hits you!
The centaur warrior shoots an arrow.
The arrow hits you!
The centaur shoots an arrow.
The arrow barely misses you.
The centaur moves out of view.
You hear a shout!
As you read the scroll of teleportation, it crumbles to dust.
You feel strangely unstable.
The centaur shoots an arrow.
The arrow hits you!
As you read the scroll of identify, it crumbles to dust.
B - 2 potions of attraction The centaur shoots an arrow.
The arrow misses you.
The centaur warrior shoots an arrow.
The arrow hits you.
The centaur shoots an arrow.
The arrow hits you.
As you read the scroll of identify, it crumbles to dust.
W - a scroll of torment The centaur warrior shoots an arrow.
The arrow hits you!!
* * * LOW HITPOINT WARNING * * *
The vault guard hits you but does no damage.
You have got your breath back.
The centaur wields a +0 shortbow.
The centaur shoots an arrow.
The arrow hits you but does no damage.
The centaur warrior shoots an arrow.
The arrow hits you!!
You die...
Xom guffaws!

####...### #.......... #...#
#......... #...# #.....c... #8.8#
#......cc# ###+##
.........#......#....# .
#......#.<....#....# . ...
#......#......#....# .
......#....@.#......#....# .
#^.....#......#......#.$..# .
#......#####.p#......#....#
+####..........#.O#......#......
.°...>........ #p.#....<.#......
.........?..####.u#......#......#
.O..........#.....+......#......#
..!.B.......#.....#......#......#
....O5......#.....#......#......#


You could see 2 vault guards, a red ugly thing, a centaur warrior, a two-headed
ogre and 2 centaurs.

Vanquished Creatures
  An orc warlord (Orc:1)
  Josephine (D:12)
  An entropy weaver (shapeshifter) (D:14)
  A vault guard (D:14)
  2 boulder beetles
  3 two-headed ogres
  An orc high priest (Orc:2)
  Urug (Orc:2)
  Lodul (D:11)
  4 orc knights
  A deep elf pyromancer (D:12)
  3 ugly things
  2 cyclopes
  3 manticores
  4 orc sorcerers (Orc:2)
  An eye of devastation (Orc:2)
  2 komodo dragons (D:10)
  A freezing wraith (D:12)
  A yaktaur (D:10)
  An efreet (D:13)
  2 trolls
  3 meliai (D:13)
  A hornet (D:11)
  A wind drake (shapeshifter) (D:13)
  Grinder (D:3)
  3 wyverns
  3 wraiths (D:12)
  4 basilisks
  A human (D:12)
  16 yaks
  A steam dragon (D:9)
  A vampire mosquito (D:14)
  2 acid dragons
  3 water moccasins (D:7)
  6 wargs
  A swamp drake (D:10)
  22 orc warriors
  A black bear (D:5)
  2 ice beasts
  2 sky beasts (D:6)
  16 ogres
  A boggart (D:14)
  8 centaurs
  A kobold brigand (D:7)
  2 bullfrogs
  3 scorpions
  14 wights
  6 killer bees
  2 howler monkeys (D:7)
  2 centaur zombies
  2 bullfrog zombies (Ossuary)
  16 orc priests
  4 gnoll boudas
  A hound (D:7)
  2 jellies
  Jessica (D:2)
  3 iguanas
  21 orc wizards
  A scorpion zombie (Ossuary)
  A killer bee zombie (D:9)
  6 adders
  13 gnolls
  A shadow imp (D:7)
  2 white imps
  An ufetubus (D:5)
  4 adder zombies (Ossuary)
  2 dart slugs
  2 worms
  66 orcs
  5 bats
  7 endoplasms
  2 giant cockroaches (D:1)
  A gnoll zombie (Ossuary)
  10 goblins
  11 hobgoblins
  2 jackals (D:1)
  8 kobolds
  4 quokkas
  2 ball pythons
  5 frilled lizards
  5 goblin zombies (Ossuary)
  3 hobgoblin zombies (Ossuary)
  4 orc zombies (Ossuary)
  A quokka zombie (D:7)
  3 rats (D:2)
  A rat zombie (D:7)
389 creatures vanquished.

Vanquished Creatures (collateral kills)
  A two-headed ogre (D:12)
  Erica (D:8)
  A komodo dragon (D:10)
  A wraith (D:12)
  A yak (D:10)
  A warg (D:12)
  2 water moccasins (D:8)
  3 orc warriors (Orc:1)
  2 centaurs
  A necrophage (D:8)
  2 wights (D:8)
  An orc priest (D:8)
  3 orc wizards
  6 orcs
  A goblin (D:2)
27 creatures vanquished.

Vanquished Creatures (others)
  An ogre mage (D:10)
  A two-headed ogre (D:10)
  A scorpion (D:6)
  2 orc wizards
5 creatures vanquished.

Grand Total: 421 creatures vanquished

Notes
Turn   | Place    | Note
-------+----------+-------------------------------------------
     0 | D:1      | Lanoc the Draconian Chaos Knight began the quest for the
                  | Orb.
     0 | D:1      | Reached XP level 1. HP: 19/19 MP: 1/1
   146 | D:1      | Reached XP level 2. HP: 21/26 MP: 2/2
   195 | D:1      | XOM: divination: detect items
   407 | D:1      | Found a faded altar of an unknown god.
   714 | D:1      | Reached XP level 3. HP: 29/31 MP: 3/3
   714 | D:1      | XOM: silly message
  1073 | D:2      | Noticed Jessica
  1090 | D:2      | Killed Jessica
  1203 | D:2      | Reached XP level 4. HP: 38/40 MP: 4/4
  1222 | D:2      | Reached skill level 1 in Shields
  1225 | D:2      | Reached skill level 4 in Maces & Flails
  1428 | D:2      | XOM: cloud trail
  2020 | D:3      | Noticed Grinder
  2023 | D:3      | Paralysed by Grinder for 3 turns
  2024 | D:3      | Reached XP level 5. HP: 38/46 MP: 5/5
  2037 | D:3      | Killed Grinder
  2038 | D:3      | Reached skill level 5 in Maces & Flails
  2038 | D:3      | Reached XP level 6. HP: 45/53 MP: 6/6
  2082 | D:3      | Identified the +0 pair of gloves "Owkulla" {rPois Regen+}
  2097 | D:3      | XOM: confuse monster(s)
  2324 | D:3      | Noticed Sigmund
  2604 | D:4      | Identified the +1 robe "Vagutsih" {Will+}
  2615 | D:4      | Found Oppi Gef's Specific Store.
  2617 | D:4      | Found Romoanay's General Store.
  2621 | D:4      | Bought a scroll of identify for 24 gold pieces
  2625 | D:4      | Bought a potion of haste for 140 gold pieces
  2654 | D:5      | Entered Level 5 of the Dungeon
  2659 | D:5      | Found Bixti's Jewellery Boutique.
  2697 | D:5      | XOM: cast spell 'Alistair's Intoxication'
  2888 | D:5      | XOM: enchant monster (bad)
  2899 | D:5      | HP: 2/55 [something (5)]
  2963 | D:5      | Reached skill level 5 in Fighting
  2963 | D:5      | Your scales start taking on a lurid green colour.
  2963 | D:5      | Reached XP level 7. HP: 58/61 MP: 7/7
  2963 | D:5      | Gained mutation: Your system is resistant to poisons.
                  | (rPois) [Green Draconian growth]
  2970 | D:5      | Found a staircase to the Ecumenical Temple.
  3188 | D:5      | Reached skill level 6 in Maces & Flails
  3454 | D:5      | Found Ywnyme's General Store.
  3564 | D:6      | XOM: divine lightning
  3583 | D:6      | Reached XP level 8. HP: 70/70 MP: 8/8
  3839 | D:6      | Reached skill level 7 in Maces & Flails
  3839 | D:6      | XOM: enchant monster (good)
  3862 | D:6      | XOM: chaos upgrade
  4273 | D:7      | Identified a scroll of acquirement
  4273 | D:7      | Acquired a manual of Translocations
  4309 | D:7      | XOM: noise
  4381 | D:7      | Reached skill level 5 in Dodging
  4386 | D:7      | Found a sand-covered staircase.
  4389 | D:7      | XOM: silly message
  4390 | D:7      | XOM: potion effect (curing)
  4412 | Ossuary  | Entered an ossuary
  4512 | Ossuary  | XOM: potion effect (haste)
  4516 | Ossuary  | Reached skill level 8 in Maces & Flails
  4516 | Ossuary  | XOM: cast spell 'Dispersal'
  4557 | Ossuary  | Noticed a silent spectre
  4601 | Ossuary  | Identified the +3 leather armour of the Mashing Gods {Drain
                  | rC+ Int+4}
  4614 | D:7      | Acquired the +0 hat of the Northern Lights {rF++ Str-4}
  4649 | D:7      | Found a shadowy altar of Dithmenos.
  4649 | D:7      | Found a shimmering altar of Xom.
  4704 | D:7      | Reached XP level 9. HP: 78/78 MP: 9/9
  4718 | D:7      | Found Juuno's Armour Boutique.
  4875 | D:7      | Found a hide-covered altar of Uskayaw.
  5027 | D:7      | XOM: potion effect (haste)
  5098 | D:7      | Reached skill level 9 in Maces & Flails
  5099 | D:7      | XOM: divination: detect items
  5166 | D:7      | XOM: smoke on damage
  5321 | D:8      | Noticed Erica
  5371 | D:8      | XOM: blink monster(s)
  5393 | D:8      | XOM: repel stairs
  5541 | D:8      | XOM: confuse monster(s)
  5587 | D:8      | Killed Erica
  5588 | D:8      | Reached skill level 10 in Maces & Flails
  5737 | D:8      | XOM: 1-stop teleportation journey
  5812 | D:8      | Reached XP level 10. HP: 75/88 MP: 10/10
  6286 | D:9      | You fall into a shaft and drop 3 floors!
  6298 | D:12     | Noticed a boulder beetle
  6311 | D:12     | XOM: divination: detect creatures
  6316 | D:12     | Noticed a brown ugly thing
  6334 | D:12     | Noticed a skeletal warrior
  6337 | D:12     | Noticed a skeletal warrior
  6338 | D:12     | Noticed a skeletal warrior
  6339 | D:12     | XOM: cast spell 'Summon Mana Viper'
  6373 | D:11     | Noticed a manticore
  6374 | D:11     | XOM: scenery: 1 doors open
  6408 | D:10     | Entered Level 10 of the Dungeon
  6431 | D:10     | Acquired the ring "Ynept" {Drain rC+ Will+ Str+6 Int+3}
  6494 | D:10     | XOM: enchant monster (good)
  6564 | D:10     | Noticed an ogre mage
  6567 | D:10     | Noticed an orc knight
  6569 | D:10     | Noticed a two-headed ogre
  6572 | D:10     | Killed an ogre mage
  6572 | D:10     | Killed a two-headed ogre
  6572 | D:10     | XOM: divine lightning
  6573 | D:10     | Reached skill level 11 in Maces & Flails
  6580 | D:10     | XOM: confuse monster(s)
  6582 | D:10     | Killed an orc knight
  6614 | D:10     | XOM: give mutations
  6614 | D:10     | Gained mutation: A frigid envelope surrounds you and
                  | freezes all who hurt you. [Xom's grace]
  6614 | D:10     | Gained mutation: Your muscles are strong. (Str +4, Int/Dex
                  | -1) [Xom's grace]
  6614 | D:10     | Gained mutation: Your spells are a little harder to cast,
                  | but a little more powerful. [Xom's grace]
  6614 | D:10     | Gained mutation: Your tail ends in a venomous barb. [Xom's
                  | grace]
  6631 | D:10     | XOM: scenery: create altars
  6635 | D:10     | Noticed a two-headed ogre
  6635 | D:10     | XOM: destruction
  6638 | D:10     | Killed a two-headed ogre
  6646 | D:10     | XOM: destruction
  6669 | D:10     | Noticed a purple ugly thing
  6674 | D:10     | Killed a purple ugly thing
  6833 | D:9      | XOM: scenery: summon butterflies
  6924 | D:10     | XOM: fake destruction
  6927 | D:10     | XOM: divination: magic mapping
  7037 | D:9      | XOM: divination: detect items
  7047 | D:10     | XOM: summons 4 friendly demons
  7050 | D:10     | Reached skill level 12 in Maces & Flails
  7053 | D:10     | Reached XP level 11. HP: 81/99 MP: 11/11
  7119 | D:9      | XOM: fog
  7477 | D:9      | XOM: scenery: summon butterflies
  7488 | D:9      | XOM: polymorph butterfly -> shapeshifter
  7537 | D:9      | XOM: give mutations
  7537 | D:9      | Gained mutation: You expend magic power (3 MP) to
                  | strengthen your wands. [Xom's grace]
  7537 | D:9      | Gained mutation: You are resistant to electric shocks.
                  | (rElec) [Xom's grace]
  7563 | D:9      | Reached skill level 10 in Fighting
  7852 | D:10     | XOM: swap monsters
  7868 | D:10     | XOM: summons friendly white imp
  7871 | D:10     | XOM: summons friendly crimson imp
  7940 | D:10     | XOM: potion effect (berserk rage)
  7942 | D:10     | XOM: cast spell 'Summon Mana Viper'
  7965 | D:10     | Found a staircase to the Lair.
  7997 | D:10     | XOM: polymorph crimson imp -> white imp
  8068 | D:10     | XOM: god gift: war axe {god gift}
  8246 | D:11     | Noticed Lodul
  8256 | D:11     | XOM: silly message
  8315 | D:11     | Reached skill level 13 in Maces & Flails
  8370 | D:11     | Killed Lodul
  8405 | D:11     | Found a transporter.
  8410 | D:11     | Noticed a tengu warrior
  8411 | D:11     | Found a bloodstained altar of Trog.
  8411 | D:11     | Noticed qtw55's ghost (journeyman GrEE)
  8411 | D:11     | Noticed a two-headed ogre
  8423 | D:11     | Found a transporter.
  8475 | D:11     | XOM: noise
  8588 | D:11     | XOM: silly message
  8671 | D:11     | XOM: summons friendly quasit
  8889 | D:11     | Found a hide-covered altar of Uskayaw.
  8935 | D:11     | XOM: stat loss: -1 Str (22/23)
  8955 | D:11     | XOM: summons 3 hostile demons
  9028 | D:11     | XOM: stat loss: -1 Int (14/15)
  9053 | D:11     | XOM: cleaving
  9064 | D:11     | XOM: cast spell 'Cause Fear'
  9072 | D:12     | Noticed a deep elf pyromancer
  9073 | D:12     | XOM: noise
  9074 | D:12     | XOM: summons friendly crimson imp
  9080 | D:12     | Killed a deep elf pyromancer
  9081 | D:12     | Noticed a two-headed ogre
  9089 | D:12     | Killed a two-headed ogre
  9118 | D:12     | XOM: cast spell 'Summon Horrible Things'
  9122 | D:12     | Reached XP level 12. HP: 95/110 MP: 12/12
  9123 | D:12     | Noticed a two-headed ogre
  9127 | D:12     | Killed a two-headed ogre
  9128 | D:12     | Reached skill level 14 in Maces & Flails
  9131 | D:12     | XOM: confuse monster(s)
  9138 | D:12     | Killed a boulder beetle
  9149 | D:12     | Found a staircase to the Orcish Mines.
  9165 | D:12     | XOM: enchant monster (bad)
  9360 | D:12     | XOM: fog
  9393 | D:12     | Noticed Josephine
  9401 | D:12     | Killed Josephine
  9604 | D:12     | Noticed a two-headed ogre
  9610 | D:12     | Killed a two-headed ogre
  9770 | D:12     | XOM: give mutations
  9770 | D:12     | Lost mutation: You expend magic power (3 MP) to strengthen
                  | your wands. [Xom's mischief]
  9770 | D:12     | Gained mutation: You are robust. (+10% HP) [Xom's mischief]
  9770 | D:12     | Lost mutation: Your spells are a little harder to cast, but
                  | a little more powerful. [Xom's mischief]
  9912 | D:12     | XOM: give mutations
  9912 | D:12     | Gained mutation: Your flesh is cold resistant. (rC+) [Xom's
                  | grace]
  9912 | D:12     | Gained mutation: You have large cloven feet. [Xom's grace]
  9912 | D:12     | Gained mutation: You expend magic power (3 MP) to
                  | strengthen your wands. [Xom's grace]
  9912 | D:12     | Gained mutation: You have an increased reservoir of magic.
                  | (+10% MP) [Xom's grace]
  9925 | D:12     | XOM: god gift: dagger {god gift}
 10018 | D:12     | XOM: summons 2 friendly demons
 10019 | D:12     | XOM: summons 12 friendly demons
 10111 | Orc:1    | Entered Level 1 of the Orcish Mines
 10229 | Orc:1    | XOM: divination: detect items
 10287 | Orc:1    | Found a runed translucent gate.
 10287 | Orc:1    | Found a runed translucent gate.
 10287 | Orc:1    | Found a runed translucent gate.
 10304 | Orc:1    | Noticed an orc warlord
 10326 | Orc:1    | Noticed Lanoc's ghost (novice HOGl)
 10340 | Orc:1    | XOM: smoke on damage
 10582 | Orc:1    | Found Zosepn's Gadget Gallery.
 10746 | Orc:2    | Entered Level 2 of the Orcish Mines
 10790 | Orc:2    | XOM: summons 5 friendly demons
 10794 | Orc:2    | Found Teymo's Magic Scroll Shoppe.
 10803 | Orc:2    | XOM: enchant monster (good)
 10817 | Orc:2    | XOM: give mutations
 10817 | Orc:2    | Gained mutation: You have a pair of small antennae on your
                  | head. [Xom's grace]
 10817 | Orc:2    | Gained mutation: You have hoof-like feet. [Xom's grace]
 10817 | Orc:2    | Gained mutation: Your tail ends in a sharp venomous barb.
                  | [Xom's grace]
 10823 | Orc:2    | XOM: summons 3 friendly demons
 10830 | Orc:2    | Reached skill level 10 in Dodging
 10834 | Orc:2    | Reached skill level 15 in Maces & Flails
 10867 | Orc:2    | Bought a scroll of fear for 56 gold pieces
 10973 | Orc:2    | Found a staircase to the Elven Halls.
 11111 | Orc:2    | XOM: god gift: scroll of poison
 11123 | Orc:2    | Noticed Urug
 11130 | Orc:2    | XOM: noise
 11133 | Orc:2    | Killed Urug
 11265 | Orc:2    | Found Ylumesatacw's Assorted Antiques.
 11305 | Orc:2    | XOM: 6-stop teleportation journey
 11402 | Orc:2    | Noticed an orc warlord
 11415 | Orc:2    | Paralysed by an orc sorcerer for 4 turns
 11467 | Orc:1    | XOM: swap monsters
 11524 | Orc:1    | XOM: give mutations
 11524 | Orc:1    | Lost mutation: You have an increased reservoir of magic.
                  | (+10% MP) [Xom's mischief]
 11524 | Orc:1    | Lost mutation: A frigid envelope surrounds you and freezes
                  | all who hurt you. [Xom's mischief]
 11524 | Orc:1    | Lost mutation: You are resistant to electric shocks.
                  | (rElec) [Xom's mischief]
 11524 | Orc:1    | Lost mutation: You are robust. (+10% HP) [Xom's mischief]
 11572 | Orc:1    | XOM: cast spell 'Leda's Liquefaction'
 11574 | Orc:1    | XOM: butterfly on damage
 11603 | Orc:1    | Killed an orc warlord
 11791 | Orc:2    | XOM: summons 7 hostile demons
 11929 | Orc:2    | XOM: chaos upgrade
 11935 | Orc:2    | XOM: give mutations
 11935 | Orc:2    | Gained mutation: You are clumsy. (Dex -2) [Xom's mischief]
 11935 | Orc:2    | Lost mutation: You expend magic power (3 MP) to strengthen
                  | your wands. [Xom's mischief]
 11935 | Orc:2    | Lost mutation: You have a pair of small antennae on your
                  | head. [Xom's mischief]
 12009 | Orc:1    | XOM: give mutation
 12009 | Orc:1    | Gained mutation: You do not regenerate when monsters are
                  | visible. [Xom's mischief]
 12092 | Orc:2    | XOM: polymorph orc sorcerer -> eye of devastation
 12140 | Orc:2    | Noticed an orc high priest
 12141 | Orc:2    | XOM: enchant monster (bad)
 12155 | Orc:2    | XOM: divination: magic mapping
 12166 | Orc:2    | XOM: confuse monster(s)
 12168 | Orc:2    | Reached XP level 13. HP: 47/119 MP: 13/13
 12268 | Orc:2    | XOM: cloud trail
 12299 | Orc:2    | Found Jeusyw's Antique Weapon Shoppe.
 12301 | Orc:2    | Found Ruaceif's Antique Armour Emporium.
 12320 | Orc:2    | Bought an iridescent quarterstaff for 225 gold pieces
 12320 | Orc:2    | Identified the +8 quarterstaff "Uregeywu" {vorpal, rC++}
                  | (You bought it in a shop on level 2 of the Orcish Mines)
 12352 | Orc:2    | Paralysed by an orc sorcerer for 3 turns
 12530 | Orc:2    | Found Uwiet's Armour Boutique.
 12551 | Orc:2    | XOM: divination: magic mapping
 12565 | Orc:2    | XOM: 1-stop teleportation journey
 12730 | D:13     | XOM: scenery: 1 doors close
 12764 | D:13     | Found Owaucamu's Antique Armour Emporium.
 12934 | D:13     | XOM: enchant monster (bad)
 12966 | D:13     | XOM: scenery: 3 doors close
 13101 | D:13     | XOM: confusion
 13462 | D:13     | Found Ecomith's Jewellery Boutique.
 13501 | D:14     | Noticed Rupert
 13510 | D:14     | Found a radiant altar of Vehumet.
 13510 | D:14     | Found a glowing golden altar of the Shining One.
 13510 | D:14     | Found a shimmering altar of Xom.
 13510 | D:14     | Found an ancient bone altar of Kikubaaqudgha.
 13510 | D:14     | Found a shimmering altar of Xom.
 13510 | D:14     | Found a shimmering blue altar of Sif Muna.
 13510 | D:14     | Found a radiant altar of Vehumet.
 13510 | D:14     | XOM: 4-stop teleportation journey
 13523 | D:14     | XOM: silly message
 13544 | D:14     | Found a gate to the Vaults.
 13552 | D:14     | XOM: chaos upgrade
 13562 | D:14     | XOM: chaos upgrade
 13585 | D:14     | XOM: summons friendly quasit
 13621 | D:14     | Shot with an arrow by a centaur warrior

Illustrated notes

Levels and vault maps discovered:
D:1:      wander_arrival_desolate, layout_loops_cross,
          hellmonk_ecumenical_altar_leap_of_faith
D:2:      minmay_skewed_foursquare, layout_loops_ring, grunt_ministairs_5,
          serial_bayou_lagoon_b, uniq_jessica
D:3:      layout_rooms, uniq_grinder, uniq_sigmund
D:4:      layout_cave_pools, minmay_misc_feat_room, nicolae_specific_store,
          serial_bayou_pond_b, feat_on_display
D:5:      layout_loops_cross, minmay_temple_entry_statues_fountains,
          serial_shops, nicolae_stop_n_shop_2, kennysheep_little_box,
          hangedman_decor_push
D:6:      layout_loops_ring
D:7:      layout_basic, kennysheep_mini_moat, gammafunk_temple_overflow_statue,
          serial_shops, shop_fountains, enter_ossuary_4
D:8:      layout_gridville, minmay_fractal_squares_5, uniq_erica
D:9:      layout_cross, serial_undead, serial_undead_a, serial_undead_f,
          serial_undead_a, serial_undead_e, grunt_decor_junction
D:10:     layout_basic, erik_lair_dragon, minmay_diamond_spiral
D:11:     layout_irregular_city, gammafunk_ghost_wrathful_warriors,
          nicolae_uskayaw_murder_on_the_dancefloor, uniq_lodul
D:12:     wad_cavern_with_rooms, layout_cave_pods, erik_orc_4, uniq_josephine
D:13:     layout_roguey, serial_shops, nicolae_take_the_stairs, shop
D:14:     layout_irregular_city, lightli_vaults_fourway_checkpoint,
          doesnt_xom_only_xom, nicolae_vehumet_altar_sigil, uniq_rupert
Orc:1:    layout_caves, gammafunk_ghost_split, nicolae_shop_gadgets
Orc:2:    grunt_orc_community_town_hall, layout_caves,
          grunt_orc_community_big_house_2, grunt_orc_community_big_house_1,
          grunt_orc_community_house_2, grunt_orc_community_house_3,
          grunt_orc_community_house_2, grunt_orc_community_house_1,
          grunt_orc_community_house_3, basic_altar, serial_shops, shop_statue,
          uniq_urug

Skill      XL: |  1  2  3  4  5  6  7  8  9 10 11 12 13 |
---------------+----------------------------------------+-----
Shields        | 1 2 3 4 |  4.0
Maces & Flails | 4 5 6 8 10 12 13 15 | 15.7
Fighting       | 4 5 6 8 9 11 12 13 | 13.3
Dodging        | 3 4 5 6 7 9 10 11 | 11.1

Action                   |  1- 3 |  4- 6 |  7- 9 | 10-12 | 13-15 || total
-------------------------+-------+-------+-------+-------+-------++-------
Melee: Mace              |    84 |   150 |   373 |   509 |    19 ||  1135
       Tailslap          |    11 |    21 |    58 |    98 |    16 ||   204
       Kick              |       |       |       |    70 |    32 ||   102
       Quarterstaff      |       |       |       |       |    86 ||    86
 Abil: Breathe Noxious F |       |       |    29 |    76 |    19 ||   124
Evoke: Piece from Xom's  |       |     8 |     1 |    19 |     3 ||    31
       Wand              |       |       |     1 |    13 |     1 ||    15
  Use: Potion            |       |     5 |       |     1 |     1 ||     7
       Scroll            |       |       |     7 |    23 |     4 ||    34
 Stab: Paralysed         |       |     6 |       |     2 |       ||     8
       Sleeping          |       |     2 |       |       |       ||     2
       Confused          |       |     1 |    14 |    29 |     8 ||    52
       Invisible         |       |       |     1 |       |       ||     1
       Petrified         |       |       |       |     3 |       ||     3
Armor: Skin              |    36 |    70 |   128 |   110 |    33 ||   377
Dodge: Dodged            |    44 |   101 |   199 |   341 |    78 ||   763
Block: Buckler           |     7 |    29 |    67 |    97 |     3 ||   203

Table legend: (Time is in decaauts)
 A = Elapsed time spent in this place.
 B = Non-inter-level travel time spent in this place.
 C = Inter-level travel time spent in this place.
 D = Time resting spent in this place.
 E = Time spent auto-exploring this place.
 F = Levels seen in this place.
 G = Mean time per level.
                   A        B        C        D        E       F      G
               +--------+--------+--------+--------+--------+-----+--------+
         Total |  13551 |  13056 |    495 |    416 |   9173 |  17 |  797.1 |
       Dungeon |  10884 |  10515 |    369 |    242 |   7644 |  14 |  777.4 |
  Orcish Mines |   2483 |   2358 |    125 |    173 |   1502 |   2 | 1241.5 |
       Ossuary |    184 |    184 |      0 |      0 |     27 |   1 |  184.0 |
               +--------+--------+--------+--------+--------+-----+--------+

Top non-repeatable levels by time:
   Orc:2: 1398 daAuts
    D:10: 1143 daAuts
    D:12: 1134 daAuts
   Orc:1: 1085 daAuts
    D:11: 944 daAuts
     D:1: 929 daAuts
     D:7: 869 daAuts
     D:8: 840 daAuts
     D:2: 837 daAuts
     D:5: 796 daAuts
     D:6: 793 daAuts
    D:13: 782 daAuts
     D:9: 700 daAuts
     D:3: 634 daAuts
     D:4: 353 daAuts
